 Dungeon Crawl Stone Soup version 0.23.0 (webtiles) character file.

Game seed: 3394838799635358657

262 Think the Sneak (level 6, -12/43 HPs)
             Began as an Octopode Fighter on Feb 22, 2019.
             Was an Initiate of Wu Jian.
             Mangled by an ogre
             ... wielding a +0 giant spiked club
              (28 damage)
             ... on level 4 of the Dungeon.
             The game lasted 00:07:07 (3384 turns).

Think the Sneak (Octopode Fighter)                  Turns: 3384, Time: 00:07:08

Health: -12/43     AC:  1    Str: 15    XL:     6   Next: 18%
Magic:  6/6        EV: 12    Int: 10    God:    Wu Jian [......]
Gold:   206        SH:  9    Dex: 14    Spells: 5/5 levels left

rFire    + . .     SeeInvis +   r - +0 dagger (speed)
rCold    x . .     Gourm    .   b - +0 shield
rNeg     . . .     Faith    .   (helmet restricted)
rPois    .         Spirit   .   (no amulet)
rElec    .         Reflect  .   j - ring of see invisible
rCorr    .         Harm     .   o - ring of fire
MR       .....                  (no ring)
Stlth    ++++......             (no ring)
HPRegen  0.14/turn              (no ring)
MPRegen  0.10/turn              (no ring)
                                (no ring)
                                (no ring)

@: no status effects
A: almost no armour, stealthy swim, amphibious, 8 rings, constrict 8, camouflage
1, gelatinous body 1
a: Renounce Religion


You were on level 4 of the Dungeon.
You worshipped Wu Jian.
Wu Jian was noncommittal.
You were not hungry.

You visited 1 branch of the dungeon, and saw 4 of its levels.

You collected 206 gold pieces.

Inventory:

Hand Weapons
 a - a +0 rapier
 r - a +0 dagger of speed (weapon)
Armour
 b - a +0 shield (worn)
Jewellery
 j - a ring of see invisible (left tentacle)
 o - a ring of fire (right tentacle)
Scrolls
 c - 2 scrolls of enchant armour {unknown}
 e - a scroll of identify
 h - a scroll of blinking
 m - a scroll of magic mapping
 n - 2 scrolls of teleportation
Potions
 f - 4 potions of curing
 g - a potion of haste {unknown}
 i - 2 potions of heal wounds {unknown}
 k - a potion of degeneration {unknown}
 l - a potion of flight {unknown}
 p - 2 potions of agility {unknown}
 q - a potion of ambrosia {unknown}
Comestibles
 d - 8 rations


   Skills:
 + Level 3.9 Fighting
 * Level 3.3 Short Blades
 - Level 3.0 Dodging
 * Level 5.1 Stealth
 + Level 4.0 Shields


You had 5 spell levels left.
You didn't know any spells.
Your spell library was empty.

Dungeon Overview and Level Annotations

Branches:
Dungeon (4/15)
 Temple: D:4-7

Altars:
Kikubaaqudgha
Wu Jian


Innate Abilities, Weirdness & Mutations

You cannot wear most types of armour.
You are very stealthy in the water. (Stealth+)
You are amphibious.
You can wear up to eight rings at the same time.
You can use your tentacles to constrict eight enemies at once.
Your skin changes colour to match your surroundings (Stealth+).
Your rubbery body absorbs attacks. (AC +1, EV +1)


Message History

The ogre hits you with a +0 giant spiked club!
You hit the ogre but do no damage.
The ogre is lightly wounded.
You hit the ogre but do no damage.
The ogre is lightly wounded.
The ogre closely misses you.
You hit the ogre.
The ogre is moderately wounded.
You hit the ogre. You squeeze the ogre.
The ogre is heavily wounded.
You hit the ogre.
The ogre is heavily wounded.
The ogre hits you with a +0 giant spiked club!
You hit the ogre but do no damage. Your squeeze misses the ogre.
The ogre is heavily wounded.
You hit the ogre.
The ogre is severely wounded.
The ogre hits you with a +0 giant spiked club!!
Ouch! That really hurt!
You die...

##+#####
##############......#
#..?.........#......####
#..[....................
#.....O@................
###..............###....
........)........'.+....
.................###....
........................
........................
.....#..........%.......
##.).#..................
#.. ########...(.......


You could see an ogre.

Vanquished Creatures
  An ogre (D:4)
  A quasit (D:3)
  A worker ant (D:4)
  5 adders
  An ooze (D:4)
  3 worms
  2 dart slugs (D:1)
  A leopard gecko (D:3)
  An orc (D:3)
  2 ball pythons (D:3)
  A giant cockroach (D:1)
  7 goblins
  7 hobgoblins
  3 jackals (D:1)
  2 quokkas
  9 bats
  3 frilled lizards
  6 kobolds
  9 rats
65 creatures vanquished.

Notes
Turn   | Place    | Note
-------+----------+-------------------------------------------
     0 | D:1      | Think the Octopode Fighter began the quest for the Orb.
     0 | D:1      | Reached XP level 1. HP: 16/16 MP: 1/1
    72 | D:1      | Reached skill level 1 in Stealth
    81 | D:1      | Reached XP level 2. HP: 21/21 MP: 2/2
   543 | D:1      | Reached skill level 2 in Stealth
   652 | D:1      | Reached XP level 3. HP: 26/26 MP: 3/3
  1493 | D:2      | Reached skill level 3 in Stealth
  1493 | D:2      | Reached XP level 4. HP: 22/31 MP: 4/4
  2085 | D:3      | Found an ancient bone altar of Kikubaaqudgha.
  2128 | D:3      | Found an ornate altar of the Wu Jian Council.
  2149 | D:3      | Became a worshipper of the Wu Jian Council
  2452 | D:3      | Reached skill level 4 in Stealth
  2452 | D:3      | Reached XP level 5. HP: 29/36 MP: 5/5
  3211 | D:4      | Noticed an ogre
  3227 | D:4      | Killed an ogre
  3227 | D:4      | Reached skill level 5 in Stealth
  3227 | D:4      | Reached XP level 6. HP: 24/43 MP: 6/6
  3384 | D:4      | Mangled by an ogre

Skill      XL: |  1  2  3  4  5 |
---------------+----------------+-----
Stealth        | 1 2 3 4 5 |  5.1
Short Blades   | 3 |  3.3
Shields        | 4 |  4.0
Fighting       | |  3.9
Dodging        | |  3.0

Action                   |  1- 3 |  4- 6 || total
-------------------------+-------+-------++-------
Melee: Rapier            |    67 |     1 ||    68
       Constrict         |    18 |    14 ||    32
       Tentacles         |    10 |    16 ||    26
       Dagger            |       |    79 ||    79
Invok: Lunge             |       |    16 ||    16
  Use: Scroll            |       |     5 ||     5
       Potion            |       |     2 ||     2
 Stab: Sleeping          |    15 |    10 ||    25
  Eat: Chunk             |     1 |     3 ||     4
       Ration            |       |     1 ||     1
Armor: Skin              |     2 |     2 ||     4
Dodge: Dodged            |    20 |    19 ||    39
Block: Shield            |    14 |    20 ||    34
